 Dungeon Crawl Stone Soup version 0.27-a0-1442-g87b6fcb595 (webtiles) character file.

Game seed: 486783343603402362

105 Tocho the Sneak (level 5, -12/28 HPs)
             Began as a Kobold Enchanter on July 4, 2021.
             Killed by divine providence
             ... invoked by an orc priest
              (13 damage)
             ... on level 3 of the Dungeon.
             The game lasted 00:07:00 (3102 turns).

Tocho the Sneak (Kobold Enchanter)                  Turns: 3102, Time: 00:07:01

Health: -12/28     AC:  2    Str:  6    XL:     5   Next: 9%
Magic:  0/9        EV: 16    Int: 16    God:
Gold:   70         SH:  0    Dex: 22    Spells: 6/9 levels left

rFire    + . .     SeeInvis .   a - +1 dagger
rCold    + . .     Faith    .   (shield restricted)
rNeg     . . .     Spirit   .   b - +0 robe
rPois    +         Reflect  .   (no helmet)
rElec    +         Harm     .   (no cloak)
rCorr    +         Rampage  .   (no gloves)
Will     +....                  (no boots)
Stlth    ++++......             (no amulet)
HPRegen  0.09/turn              g - +6 ring of dexterity
MPRegen  0.11/turn              d - ring of willpower

@: resistant
A: small, no large weapons, nightstalker 3
a: no special abilities


You were on level 3 of the Dungeon.
You visited 1 branch of the dungeon, and saw 3 of its levels.

You collected 70 gold pieces.

Inventory:

Hand Weapons
 a - a +1 dagger (weapon)
Armour
 b - a +0 robe (worn)
Jewellery
 c - a ring of flight
 d - a ring of willpower (right hand)
 g - a +6 ring of dexterity (left hand)
Scrolls
 f - a scroll of enchant weapon {unknown}
 h - 2 scrolls of teleportation {unknown}
 j - a scroll of identify {unknown}


   Skills:
 + Level 0.7 Fighting
 * Level 2.7 Short Blades
 * Level 3.1 Dodging
 * Level 5.3 Stealth
 * Level 2.7 Spellcasting
 * Level 3.4 Hexes
 + Level 0.4 Ice Magic


You had 6 spell levels left.
You knew the following spells:

 Your Spells              Type           Power      Damage    Failure   Level
a - Corona                Hex            14%        N/A       4%          1
b - Ensorcelled Hibernat  Hex/Ice        16%        N/A       13%         2

Your spell library contained the following spells:

 Spells                   Type           Power      Damage    Failure   Level
 Confusing Touch          Hex            13%        N/A       14%         3
 Tukima's Dance           Hex            13%        N/A       14%         3
 Dazzling Flash           Conj/Hex       14%        N/A       28%         3
 Gell's Gravitas          Tloc           1%         N/A       50%         3
 Lesser Beckoning         Tloc           1%         N/A       50%         3
 Teleport Other           Tloc           2%         N/A       50%         3


Dungeon Overview and Level Annotations

Branches:
Dungeon (3/15)

Altars:

Shops:
D:1 [*(

Annotations:
D:2 Robin


Innate Abilities, Weirdness & Mutations

You are small and have problems with some larger weapons.
You are completely attuned to the shadows.


Message History

Your magical contamination has completely faded away.
It was a potion of resistance.
You feel protected. The goblin barely misses you.
Casting: Ensorcelled Hibernation (safe; 13% risk of failure)
Confirm with . or Enter, or press ? or * to list all spells.
You don't have enough magic to cast this spell.
Blink to where?
Press: ? - help, Dir - move target
As you read the scroll labelled MELYMI CAECI, it crumbles to dust.
It was a scroll of blinking.
The goblin no longer looks unusually strong.
There is an escape hatch in the floor here.
You slide downwards.
The hatch slams shut behind you.
An adder and 3 orcs come into view.
Found a scroll labelled ETIKLI DONE and a club.
The orc shouts! x2; The adder hisses angrily.
You hear a shout!
You hear an angry hiss.
An orc priest comes into view. It is wielding a +0 short sword.
The orc priest shouts!
You hear a shout! x2
The adder bites you.
* * * LOW HITPOINT WARNING * * *
Casting: Ensorcelled Hibernation (safe; 13% risk of failure)
Confirm with . or Enter, or press ? or * to list all spells.
Aiming: Ensorcelled Hibernation (safe; 13% risk of failure)
Press: ? - help, Shift-Dir - straight line, f - adder
Aim: an adder (chance to affect: 49%)
The adder resists with some effort.
The adder closely misses you. The adder barely misses you.
The adder misses you.
Casting: Ensorcelled Hibernation (safe; 13% risk of failure)
Confirm with . or Enter, or press ? or * to list all spells.
Aiming: Ensorcelled Hibernation (safe; 13% risk of failure)
Press: ? - help, Shift-Dir - straight line, f/p - adder
Aim: an adder (chance to affect: 49%)
The adder looks drowsy...
The orc priest mumbles some strange prayers to Beogh against you.
Beogh smites you!
You die...

.............
.............#
?............#
.............#
.............#
.#
..........o.##.#
.........o..#.#
...........#.#
........oS@.#
..............
.............
............
...........


You could see an orc priest, an adder (asleep) and 2 orcs.

Vanquished Creatures
  Natasha (D:2)
  2 adders (D:2)
  A worm (D:2)
  5 bats
  4 endoplasms
  4 giant cockroaches
  14 goblins
  4 hobgoblins
  6 jackals (D:2)
  3 kobolds
  A quokka (D:2)
  3 ball pythons
  A frilled lizard (D:1)
  5 rats
54 creatures vanquished.

Notes
Turn   | Place    | Note
-------+----------+-------------------------------------------
     0 | D:1      | Tocho the Kobold Enchanter began the quest for the Orb.
     0 | D:1      | Reached XP level 1. HP: 10/10 MP: 3/3
   569 | D:1      | Found Taburiom's Antique Armour Emporium.
   576 | D:1      | Reached XP level 2. HP: 16/16 MP: 5/5
   772 | D:1      | Learned a level 2 spell: Ensorcelled Hibernation
   789 | D:1      | Found a faded altar of an unknown god.
  1329 | D:1      | Found Ingoody's Assorted Antiques.
  1405 | D:1      | Found Susit's Weapon Shop.
  1412 | D:1      | Reached XP level 3. HP: 20/20 MP: 6/6
  1946 | D:2      | Reached skill level 5 in Stealth
  2320 | D:2      | Reached XP level 4. HP: 24/24 MP: 2/7
  2691 | D:2      | Noticed Natasha
  2707 | D:2      | Killed Natasha
  2708 | D:2      | Reached XP level 5. HP: 13/28 MP: 3/9
  3044 | D:2      | Noticed Robin
  3092 | D:3      | HP: 1/28 [adder (4)]
  3102 | D:3      | Killed from afar by an orc priest

Illustrated notes

Levels and vault maps discovered:
D:1:      eino_arrival_druids_welcome, layout_loops_cross,
          hellmonk_ecumenical_altar_arch_garden, serial_shops, shop, shop, shop
D:2:      layout_basic, st_stairs_11, uniq_natasha, uniq_robin
D:3:      layout_basic, serial_shops, shop, minmay_misc_feat_rugged

Skill      XL: |  1  2  3  4 |
---------------+-------------+-----
Short Blades   | 2 |  2.7
Stealth        | 5 |  5.3
Dodging        | 3 |  3.1
Fighting       | |  0.7
Spellcasting   | |  2.7
Hexes          | |  3.4
Ice Magic      | |  0.4

Action                   |  1- 3 |  4- 6 || total
-------------------------+-------+-------++-------
Melee: Dagger            |    88 |    87 ||   175
 Cast: Corona            |     9 |     1 ||    10
       Ensorcelled Hiber |    15 |    16 ||    31
  Use: Scroll            |       |     1 ||     1
       Potion            |       |     1 ||     1
 Stab: Sleeping          |    24 |     5 ||    29
Armor: Robe              |    16 |    15 ||    31
Dodge: Dodged            |    72 |    87 ||   159

Table legend: (Time is in decaauts)
 A = Elapsed time spent in this place.
 B = Non-inter-level travel time spent in this place.
 C = Inter-level travel time spent in this place.
 D = Time resting spent in this place.
 E = Time spent auto-exploring this place.
 F = Levels seen in this place.
 G = Mean time per level.
                   A        B        C        D        E       F      G
               +--------+--------+--------+--------+--------+-----+--------+
         Total |   3081 |   3056 |     25 |    498 |   2033 |   3 | 1027.0 |
       Dungeon |   3081 |   3056 |     25 |    498 |   2033 |   3 | 1027.0 |
               +--------+--------+--------+--------+--------+-----+--------+

Top non-repeatable levels by time:
     D:1: 1729 daAuts
     D:2: 1339 daAuts
     D:3: 12 daAuts
